 Dungeon Crawl Stone Soup version 0.25.1-2-g60ff931df9 (webtiles) character file.

Game seed: 14660897899267607051

357 DildoBatman the Conjurer (level 6, -1/41 HPs)
             Began as a Formicid Wizard on Oct 18, 2020.
             Killed by nerve-wracking pain
             ... invoked by Menkaure
              (11 damage)
             ... on level 3 of the Dungeon.
             The game lasted 00:13:42 (3792 turns).

DildoBatman the Conjurer (Formicid Wizard)          Turns: 3792, Time: 00:13:43

Health: -1/41      AC:  3    Str: 11    XL:     6   Next: 96%
Magic:  19/19      EV: 12    Int: 20    God:
Gold:   174        SH:  0    Dex:  9    Spells: 4/11 levels left

rFire    . . .     SeeInvis +   b - +1 short sword (venom)
rCold    . . .     Gourm    .   (no shield)
rNeg     . . .     Faith    .   h - +0 robe
rPois    .         Spirit   .   (helmet unavailable)
rElec    .         Reflect  .   y - scarf {+Inv}
rCorr    .         Harm     .   (no gloves)
MR       .....                  d - +0 pair of boots
Stlth    ++........             (no amulet)
HPRegen  0.13/turn              l - ring of magical power
MPRegen  0.16/turn              (no ring)

@: no status effects
A: permanent stasis, dig shafts and tunnels, four strong arms, antennae 3
a: Dig, Shaft Self, Evoke Invisibility


You were on level 3 of the Dungeon.
You were not hungry.

You visited 1 branch of the dungeon, and saw 4 of its levels.
You also visited: Sewer.

You collected 174 gold pieces.

Inventory:

Hand Weapons
 a - a +0 hunting sling
 b - a +1 short sword of venom (weapon)
 C - a +2 mace of venom
Missiles
 e - 110 stones
 n - 17 bolts
 t - 57 arrows
 w - 21 poisoned darts (quivered)
Armour
 d - a +0 pair of boots (worn)
 h - a +0 robe (worn)
 y - a scarf of invisibility (worn)
Jewellery
 l - a ring of magical power (left hand)
Scrolls
 c - a scroll of fog
 f - a scroll of noise
 j - a scroll of amnesia
 o - 3 scrolls of fear
 x - 3 scrolls of remove curse
 z - 2 scrolls of identify
 A - a scroll of immolation {unknown}
Potions
 g - a potion of cancellation {unknown}
 i - a potion of mutation {unknown}
 k - a potion of stabbing {unknown}
 m - a potion of brilliance {unknown}
 p - a potion of curing {unknown}
 q - 3 potions of magic
 r - a potion of heal wounds {unknown}
 s - 2 potions of flight
 B - a potion of ambrosia {unknown}
Comestibles
 u - 10 chunks of flesh
 v - 9 rations


   Skills:
 - Level 1.7 Dodging
 - Level 2.4 Stealth
 - Level 3.2 Spellcasting
 * Level 4.0 Conjurations
   Level 1.0 Summonings
   Level 0.8 Translocations
 * Level 3.1 Fire Magic
 * Level 2.5 Air Magic


You had 4 spell levels left.
You knew the following spells:

 Your Spells              Type           Power        Failure   Level  Hunger
a - Conjure Flame         Conj/Fire      ###.....     10%         3    ###....
c - Magic Dart            Conj           ###.         2%          1    None
e - Mephitic Cloud        Conj/Pois/Air  ##......     17%         3    ###....

Your spell library contained the following spells:

 Spells                   Type           Power        Failure   Level  Hunger
 Call Imp                 Summ           #.......     14%         2    ##.....
 Slow                     Hex            #.......     22%         2    ##.....
 Blink                    Tloc           Unusable     N/A         2    N/A

Dungeon Overview and Level Annotations

Branches:
Dungeon (4/15)              Sewer (visited)
 Temple: D:4-7

Altars:
Ashenzari
Cheibriados
Dithmenos
Fedhas
Gozag
Okawaru
Qazlal
Ru
Sif Muna
Uskayaw
Xom

Annotations:
D:3 Menkaure, Natasha, Robin, Sigmund
D:4 exclusions: ogre, orc, 2 sensed monsters (detected) and 1 more exclusion


Innate Abilities, Weirdness & Mutations

You cannot be hasted, slowed, berserked, paralysed or teleported.
You can dig through walls and to a lower floor.
Your four strong arms can wield two-handed weapons with a shield.
You have a pair of large antennae on your head. (SInv)


Message History

Menkaure calls on the powers of darkness!
Your body is wracked with pain!
Robin convulses!
Menkaure's bandages flutter.
You extend your mandibles.
You dig through the rock wall.
Menkaure hits you.
You dig through the rock wall.
You retract your mandibles.
Menkaure whispers, "Let me perform the rites..."
Robin hits you with a +3 club.
There is a stone staircase leading down here.
Menkaure calls on the powers of darkness!
Robin convulses!
Your body is wracked with pain!
You extend your mandibles.
You retract your mandibles.
Menkaure casts a spell at you. Pain shoots through your body!
You die...

....## #.......#
.....## #.##.##.#
###...####.###.#.#
##...............#
......####....>..##
.##......>........##
.##.#............#M#
.##.............g.##
..###...........@##
..###........[)..#
).....##########.#
##......# #.#
##.####.###### #.#
##.####.#....###.#
##........#...##[#
##.##.#........#.#
.#.##.#....#.....#


You could see Menkaure (fast) and Robin.

Vanquished Creatures
  Purgy (Sewer)
  A sky beast (D:4)
  2 worker ants (D:4)
  2 adders
  An adder skeleton (D:4)
  A worm (D:4)
  A dart slug (D:1)
  9 orcs
  4 ball pythons
  9 giant cockroaches
  15 goblins
  9 hobgoblins
  5 jackals
  4 kobolds
  4 quokkas
  7 bats
  5 frilled lizards (Sewer)
  7 rats
87 creatures vanquished.

Notes
Turn   | Place    | Note
-------+----------+-------------------------------------------
     0 | D:1      | DildoBatman the Formicid Wizard began the quest for the
                  | Orb.
     0 | D:1      | Reached XP level 1. HP: 13/13 MP: 4/4
    26 | D:1      | Reached skill level 1 in Conjurations
   236 | D:1      | Reached XP level 2. HP: 19/19 MP: 3/6
   385 | D:1      | Reached skill level 2 in Conjurations
   886 | D:1      | Reached XP level 3. HP: 22/24 MP: 2/7
  1375 | D:2      | Reached skill level 3 in Conjurations
  1395 | D:2      | Found an opulent altar of Gozag.
  1399 | D:2      | Found a shimmering blue altar of Sif Muna.
  1401 | D:2      | Found an iron altar of Okawaru.
  1402 | D:2      | Found a stormy altar of Qazlal.
  1403 | D:2      | Found a blossoming altar of Fedhas.
  1403 | D:2      | Found a hide-covered altar of Uskayaw.
  1404 | D:2      | Found a snail-covered altar of Cheibriados.
  1405 | D:2      | Found a shadowy altar of Dithmenos.
  1406 | D:2      | Found a shimmering altar of Xom.
  1407 | D:2      | Found a shattered altar of Ashenzari.
  1848 | D:2      | Reached XP level 4. HP: 30/30 MP: 8/8
  1853 | D:2      | Learned a level 3 spell: Conjure Flame
  1857 | D:2      | Learned a level 3 spell: Mephitic Cloud
  1946 | D:3      | Found a sacrificial altar of Ru.
  1992 | D:3      | Noticed Natasha
  2060 | D:3      | Found a glowing drain.
  2109 | Sewer    | Entered a sewer
  2206 | Sewer    | Noticed Purgy
  2496 | Sewer    | Killed Purgy
  2496 | Sewer    | Reached skill level 1 in Air Magic
  2496 | Sewer    | Reached XP level 5. HP: 33/35 MP: 9/9
  2701 | D:3      | Noticed Sigmund
  2711 | D:3      | Found a faded altar of an unknown god.
  3299 | D:4      | Reached XP level 6. HP: 41/41 MP: 10/10
  3401 | D:4      | Noticed an ogre
  3444 | D:4      | Noticed a sky beast
  3473 | D:4      | Killed a sky beast
  3597 | D:4      | Reached skill level 4 in Conjurations
  3623 | D:4      | Noticed Robin
  3758 | D:4      | Noticed Menkaure
  3792 | D:3      | Killed from afar by Menkaure

Illustrated notes

Levels and vault maps discovered:
D:1:      dpeg_arrival_brainrot, layout_basic
D:2:      layout_loops_ring, minitemple, first_ration, corexii_leaking_fountain
D:3:      layout_loops_cross, portal_sewer_entry_f,
          chequers_ecumenical_altar_simple_redux,
          nicolae_ru_sacrificial_ziggurat, uniq_natasha, uniq_sigmund
D:4:      layout_basic, kennysheep_mini, minmay_temple_entry_nine_rooms,
          uniq_robin, uniq_menkaure

Skill      XL: |  1  2  3  4  5  6 |
---------------+-------------------+-----
Conjurations   | 1 2 3 4 |  4.0
Fire Magic     | 2 3 |  3.1
Air Magic      | 1 2 |  2.5
Dodging        | |  1.7
Stealth        | |  2.4
Spellcasting   | |  3.2
Summonings     | |  1.0
Translocations | |  0.8

Action                   |  1- 3 |  4- 6 || total
-------------------------+-------+-------++-------
Melee: Club              |    13 |       ||    13
       Short sword       |       |    53 ||    53
 Fire: Hunting sling     |    37 |    35 ||    72
Throw: Dart              |       |     2 ||     2
 Cast: Magic Dart        |    63 |    50 ||   113
       Conjure Flame     |       |     3 ||     3
       Mephitic Cloud    |       |     6 ||     6
 Abil: Dig               |     4 |    20 ||    24
  Use: Scroll            |       |     9 ||     9
 Stab: Confused          |       |     2 ||     2
  Eat: Chunk             |     3 |    10 ||    13
Armor: Robe              |    12 |    11 ||    23
Dodge: Dodged            |    35 |    42 ||    77
